 Dungeon Sprint DCSS version 0.28-a0-101-g18048e5a82 (webtiles) character file.

Game seed: 5975883598380088098

17385 MikeHunt the Deadly Accurate (level 12, -6/116 HPs)
             Began as a Hill Orc Hunter on Aug 10, 2021.
             Was a High Priest of Okawaru.
             Mangled by a spriggan defender (11 damage)
             ... in the Dungeon (Sprint III: "The Ten Rune Challenge").
             The game lasted 00:29:02 (4932 turns).

MikeHunt the Deadly Accurate (Hill Orc Hunter)      Turns: 4932, Time: 00:29:03

Health: -6/116     AC: 21    Str: 17    XL:     12   Next: 47%
Magic:  10/19      EV: 12    Int: 11    God:    Okawaru [*****.]
Gold:   2129       SH:  0    Dex: 14    Spells: 11/11 levels left

rFire   . . .      SeeInvis .   b - +2 great sword (freeze)
rCold   . . .      Faith    .   (shield currently unavailable)
rNeg    . . .      Spirit   .   v - +0 plate armour
rPois   .          Reflect  .   (no helmet)
rElec   .          Harm     .   k - scarf {shadows} {god gift}
rCorr   .          Rampage  .   r - +2 pair of gloves
Will    .....      NoTele   +   (no boots)
Stlth   ..........              (no amulet)
HPRegen 0.29/turn               (no ring)
MPRegen 0.16/turn               (no ring)

@: heroic, finesse-ful
A: no striking features
a: Renounce Religion, Heroism, Finesse


You were in the Dungeon.
You worshipped Okawaru.
Okawaru was extremely pleased with you.
You visited 1 branch You collected 2129 gold pieces.

Inventory:

Hand Weapons
 b - a +2 great sword of freezing (weapon)
 s - a +1 long sword of holy wrath
 u - the +7 shortbow "Roepus" {god gift, venom, rCorr}
   (Okawaru gifted it to you in the Dungeon)

   Any ammunition fired from it poisons the flesh of those it strikes.
   rCorr:     It protects you from acid and corrosion.
Missiles
 c - a curare-tipped dart (quivered)
 d - 7 silver javelins
 j - 6 javelins
 l - 8 silver boomerangs {god gift}
 t - 6 datura-tipped darts {god gift}
 w - 2 atropa-tipped darts {god gift}
Armour
 k - a scarf of shadows (worn) {god gift}
 r - a +2 pair of gloves (worn)
 v - a +0 plate armour (worn)
Scrolls
 i - a scroll of immolation
 m - a scroll of torment {unknown}
 n - a scroll of magic mapping {unknown}
Potions
 g - a potion of haste
 h - 2 potions of magic
 o - a potion of attraction
 p - 5 potions of mutation
 q - a potion of might
Miscellaneous
 a - a piece from Xom's chessboard (15/15)


   Skills:
 + Level 13.9(18.9) Fighting
 + Level 12.2(17.2) Long Blades
 + Level 16.1(21.1) Throwing
 + Level 12.7(17.7) Armour
 + Level 10.4(15.4) Dodging
 - Level 5.9(10.9) Stealth
 - Level 10.0 Invocations
 - Level 7.0 Evocations


You had 11 spell levels left.
You didn't know any spells.
Your spell library contained the following spells:

 Spells                   Type           Power      Damage    Failure   Level
 Ignite Poison            Fire/Tmut/Pois 0%         N/A       100%        3
 Mephitic Cloud           Conj/Pois/Air  0%         N/A       100%        3
 Bolt of Magma            Conj/Fire/Erth 0%         4d4       100%        5


Dungeon Overview and Level Annotations

Branches:
Dungeon (1/1)

Altars:
Cheibriados
Dithmenos
Elyvilon
Fedhas
Gozag
Hepliaklqana
Kikubaaqudgha
Makhleb
Nemelex Xobeh
Okawaru
Qazlal
Ru
Sif Muna
Trog
Uskayaw
Vehumet
Wu Jian
Xom
Yredelemnul
Zin
The Shining One
Beogh
Jiyva
Lugonu

Shops:
D (


Message History

Aim: a spriggan defender, wielding a +0 dagger (grey smoke, 48% to hit)
You throw a curare-tipped dart.
The curare-tipped dart completely misses the spriggan defender.
The curare-tipped dart completely misses the plant.
The spriggan defender hits you with a +0 dagger!!
* * * LOW HITPOINT WARNING * * *
You can now deal lightning-fast blows.
The spriggan defender hits you but does no damage.
The spriggan defender hits you with a +0 dagger.
* * * LOW HITPOINT WARNING * * *
Throw: 3 darts (curare)
Press: ? - help, Q - select action, (/) - cycle Shift-Dir - straight line, f/p - spriggan defender
Aim: a spriggan defender, wielding a +0 dagger (grey smoke, 48% to hit)
You throw a curare-tipped dart.
The curare-tipped dart misses the spriggan defender.
Throw: 2 darts (curare)
Press: ? - help, Q - select action, (/) - cycle Shift-Dir - straight line, f/p - spriggan defender
Aim: a spriggan defender, wielding a +0 dagger (grey smoke, 48% to hit)
You throw a curare-tipped dart.
The curare-tipped dart misses the spriggan defender.
The spriggan defender hits you with a +0 dagger!
* * * LOW HITPOINT WARNING * * *
You feel better.
The spriggan defender hits you with a +0 dagger!
* * * LOW HITPOINT WARNING * * *
You completely miss the spriggan defender.
The spriggan defender hits you but does no damage.
Okay, then.
You miss the spriggan defender.
The spriggan defender hits you but does no damage.
You slash the spriggan defender! You freeze the spriggan defender.
The spriggan defender is moderately wounded.
You closely miss the spriggan defender.
The spriggan defender is moderately wounded.
The spriggan defender hits you with a +0 dagger.
* * * LOW HITPOINT WARNING * * *
You slice the spriggan defender!! You freeze the spriggan defender!
The spriggan defender is almost dead.
The spriggan defender hits you with a +0 dagger!
You die...

####
#'#####
#.....+
#.#######
#.#(PP..
#.#PP..
#.#...
#.#..
#.#i# #§
#.#@#§§§
#.#.§§....
#.#§§§....
#..§§§....
#########.


You could see a spriggan defender.

Vanquished Creatures
  Dowan (D)
  A deep elf annihilator (D)
  A deep elf death mage (D)
  Erolcha (D)
  Urug (D)
  2 orc high priests (D)
  A lindwurm (D)
  3 deep elf zephyrmancers (D)
  4 deep elf pyromancers (D)
  An orc sorcerer (D)
  Duvessa (D)
  2 cane toads (D)
  A komodo dragon (D)
  A rime drake (D)
  A queen bee (D)
  3 wandering mushrooms (D)
  3 spriggan defenders (D)
  2 tyrant leeches (D)
  5 blink frogs (D)
  A shadow (D)
  5 redbacks (D)
  A spatial vortex (D)
  A swamp drake (D)
  3 orc warriors (D)
  A necrophage (D)
  5 two-headed ogres (D)
  A scorpion (D)
  A water elemental (D)
  29 killer bees (D)
  An electric eel (D)
  A jelly (D)
  6 orc priests (D)
  A wizard (D)
  A necromancer (D)
  2 orc wizards (D)
  3 humans (D)
  A kobold demonologist (D)
  7 orcs (D)
  2 endoplasms (D)
  2 rats (D)
110 creatures vanquished.

Vanquished Creatures (collateral kills)
  An orc (D)
1 creature vanquished.

Vanquished Creatures (others)
  A death drake (D)
  12 plants (D)
13 creatures vanquished.

Grand Total: 124 creatures vanquished

Notes
Turn   | Place    | Note
-------+----------+-------------------------------------------
     0 | D        | MikeHunt the Hill Orc Hunter began the quest for the Orb.
     0 | D        | Reached XP level 1. HP: 18/18 MP: 1/1
    10 | D        | Reached skill level 4 in Throwing
    60 | D        | Reached skill level 6 in Throwing
    60 | D        | Reached XP level 2. HP: 25/25 MP: 2/2
   139 | D        | Noticed a scorpion
   142 | D        | Killed a scorpion
   143 | D        | Reached skill level 8 in Throwing
   143 | D        | Reached XP level 3. HP: 30/30 MP: 3/3
   143 | D        | Reached XP level 4. HP: 37/37 MP: 4/4
   172 | D        | Noticed a water elemental
   178 | D        | Killed a water elemental
   179 | D        | Reached skill level 9 in Throwing
   179 | D        | Reached XP level 5. HP: 42/42 MP: 5/5
   190 | D        | Found a hide-covered altar of Uskayaw.
   190 | D        | Found a roughly hewn altar of Beogh.
   190 | D        | Found an iron altar of Okawaru.
   190 | D        | Found a bloodstained altar of Trog.
   190 | D        | Found an ornate altar of the Wu Jian Council.
   190 | D        | Noticed a human
   190 | D        | Noticed a human
   201 | D        | Killed a human
   202 | D        | Reached skill level 11 in Throwing
   202 | D        | Reached XP level 6. HP: 50/50 MP: 6/6
   216 | D        | Killed a human
   217 | D        | Reached skill level 13 in Throwing
   240 | D        | Became a worshipper of Warmaster Okawaru
   343 | D        | Found a basalt altar of Yredelemnul.
   343 | D        | Found a shadowy altar of Dithmenos.
   343 | D        | Found a sacrificial altar of Ru.
   343 | D        | Noticed a necrophage
   350 | D        | Reached skill level 1 in Invocations
   352 | D        | Killed a necrophage
   353 | D        | Reached XP level 7. HP: 52/59 MP: 6/9
   385 | D        | Found a radiant altar of Vehumet.
   388 | D        | Found a shimmering blue altar of Sif Muna.
   397 | D        | Noticed a rust devil
   400 | D        | Found an ancient bone altar of Kikubaaqudgha.
   414 | D        | Found a glowing silver altar of Zin.
   414 | D        | Found a glowing golden altar of the Shining One.
   414 | D        | Found a white marble altar of Elyvilon.
   414 | D        | Noticed a deep elf pyromancer
   418 | D        | Killed a deep elf pyromancer
   418 | D        | Reached * piety under Okawaru
   418 | D        | Reached ** piety under Okawaru
   419 | D        | Reached skill level 5 in Dodging
   419 | D        | Reached skill level 5 in Invocations
   419 | D        | Reached XP level 8. HP: 63/73 MP: 11/11
   456 | D        | Noticed a shadow
   461 | D        | Killed a shadow
   593 | D        | Found a blossoming altar of Fedhas.
   593 | D        | Found a stormy altar of Qazlal.
   594 | D        | Found a snail-covered altar of Cheibriados.
   594 | D        | Found a burning altar of Makhleb.
   596 | D        | Found a shimmering altar of Xom.
   597 | D        | Found a hazy altar of Hepliaklqana.
   597 | D        | Found an opulent altar of Gozag.
   597 | D        | Found a sparkling altar of Nemelex Xobeh.
   597 | D        | Found a corrupted altar of Lugonu.
   597 | D        | Found a viscous altar of Jiyva.
   631 | D        | Reached skill level 14 in Throwing
   631 | D        | Reached skill level 1 in Stealth
   790 | D        | Noticed a two-headed ogre
   939 | D        | Noticed Erolcha
   939 | D        | Noticed a two-headed ogre
   948 | D        | Killed Erolcha
   948 | D        | Reached *** piety under Okawaru
   949 | D        | Reached XP level 9. HP: 85/85 MP: 9/12
   957 | D        | Killed a two-headed ogre
   957 | D        | Reached **** piety under Okawaru
   958 | D        | Reached skill level 10 in Fighting
   969 | D        | Received a gift from Okawaru
   977 | D        | Killed a two-headed ogre
   978 | D        | Reached skill level 5 in Stealth
   980 | D        | Reached skill level 5 in Evocations
  1008 | D        | Noticed an orc high priest
  1026 | D        | Killed an orc high priest
  1026 | D        | Reached ***** piety under Okawaru
  1026 | D        | Received a gift from Okawaru
  1027 | D        | Reached XP level 10. HP: 81/96 MP: 10/13
  1096 | D        | Reached skill level 15 in Throwing
  1388 | D        | Noticed an orc sorcerer
  1393 | D        | Found Kicoacu's Antique Weapon Shop.
  1420 | D        | Killed an orc sorcerer
  1420 | D        | Received a gift from Okawaru
  1602 | D        | Noticed a deep elf zephyrmancer
  1602 | D        | Noticed a deep elf pyromancer
  1602 | D        | Noticed a deep elf pyromancer
  1602 | D        | Noticed a deep elf zephyrmancer
  1602 | D        | Noticed a deep elf zephyrmancer
  1726 | D        | Killed a deep elf pyromancer
  1726 | D        | Received a gift from Okawaru
  1743 | D        | Killed a deep elf zephyrmancer
  1743 | D        | Received a gift from Okawaru
  1829 | D        | Killed a deep elf zephyrmancer
  1928 | D        | Killed a deep elf zephyrmancer
  1929 | D        | Reached XP level 11. HP: 92/105 MP: 17/17
  1940 | D        | Killed a deep elf pyromancer
  1971 | D        | Noticed a deep elf annihilator
  1976 | D        | Noticed a deep elf zephyrmancer
  2074 | D        | Noticed a deep elf annihilator
  2077 | D        | Noticed a deep elf pyromancer
  2078 | D        | Killed a deep elf annihilator
  2080 | D        | Killed a deep elf pyromancer
  2081 | D        | Reached skill level 10 in Armour
  2084 | D        | Identified the +9 triple sword of Muetitea {vorpal, *Slow
                  | rF+ Stlth+}
  2084 | D        | Noticed a deep elf death mage
  2099 | D        | Killed a deep elf death mage
  2111 | D        | Killed a ghostly deep elf death mage
  2113 | D        | Noticed a deep elf death mage
  2118 | D        | Killed a deep elf death mage
  2139 | D        | Noticed a deep elf master archer
  2458 | D        | Noticed Dowan
  2458 | D        | Noticed Duvessa
  2469 | D        | Killed Dowan
  2507 | D        | Killed Duvessa
  2508 | D        | Reached skill level 10 in Dodging
  2821 | D        | Noticed a yaktaur captain
  2822 | D        | Noticed a yaktaur captain
  2991 | D        | Identified the +7 shortbow "Roepus" {god gift, venom,
                  | rCorr} (Okawaru gifted it to you in the Dungeon)
  2991 | D        | Received a gift from Okawaru
  2992 | D        | Reached skill level 16 in Throwing
  3009 | D        | Reached skill level 1 in Long Blades
  3363 | D        | Reached skill level 5 in Long Blades
  3487 | D        | Noticed a lindwurm
  3490 | D        | Killed a lindwurm
  3491 | D        | Reached XP level 12. HP: 116/116 MP: 18/18
  3557 | D        | Noticed Urug
  3567 | D        | Killed Urug
  3711 | D        | Reached skill level 10 in Invocations
  3716 | D        | Reached skill level 10 in Long Blades
  3845 | D        | HP: 1/116 [killer bee (8)]
  3868 | D        | Received a gift from Okawaru
  4895 | D        | Received a gift from Okawaru
  4931 | D        | HP: 5/116 [spriggan defender (3)]
  4932 | D        | Mangled by a spriggan defender

Illustrated notes

Levels and vault maps discovered:
D:        dungeon_sprint_mu [sprint_mu_entry_cave, sprint_mu_temple_rooms,
          sprint_mu_d1_spiders, sprint_mu_d2_genie, sprint_mu_d3_branching,
          sprint_mu_orc_legion, sprint_mu_elf_gauntlet, sprint_mu_hive_nellie,
          sprint_mu_lair_fedhas, sprint_mu_vaults_butterflies,
          sprint_mu_slime_circle, sprint_mu_swamp_cave, sprint_mu_shoals_archi,
          sprint_mu_blade_basic, sprint_mu_crypt_fortress,
          sprint_mu_tomb_spiral, sprint_mu_vestibule_basic,
          sprint_mu_gehenna_hellfire, sprint_mu_dis_giant,
          sprint_mu_tartarus_statrot, sprint_mu_cocytus_islands, sprint_mu_zot1]

Skill      XL: |  1  2  3  4  5  6  7  8  9 10 11 12 |
---------------+-------------------------------------+-----
Throwing       | 6 8 9 11 13 14 15 16 | 16.1
Invocations    | 3 5 8 10 | 10.0
Fighting       | 4 7 9 11 12 13 | 13.9
Dodging        | 2 5 7 8 9 10 | 10.4
Stealth        | 4 5 |  5.9
Evocations     | 3 5 7 |  7.0
Armour         | 4 12 | 12.7
Long Blades    | 7 12 | 12.2

Action                   |  1- 3 |  4- 6 |  7- 9 | 10-12 || total
-------------------------+-------+-------+-------+-------++-------
Melee: Short sword       |    15 |       |     1 |       ||    16
       Long sword        |       |       |       |     2 ||     2
       Great sword       |       |       |       |   131 ||   131
Throw: Javelin           |     6 |    14 |    21 |    19 ||    60
       Boomerang         |       |    11 |    37 |   234 ||   282
       Throwing net      |       |     1 |       |     1 ||     2
       Dart              |       |       |       |    29 ||    29
Invok: Heroism           |       |       |     3 |    11 ||    14
       Finesse           |       |       |       |     3 ||     3
Evoke: Piece from Xom's  |       |       |       |     3 ||     3
  Use: Potion            |     1 |       |       |     4 ||     5
       Scroll            |       |       |     2 |     1 ||     3
 Stab: Sleeping          |     1 |       |       |       ||     1
Armor: Leather armour    |     3 |       |       |     3 ||     6
       Plate armour      |       |       |       |   118 ||   118
Dodge: Dodged            |     6 |     9 |    17 |   160 ||   192
       Rpst.: Long sword |       |       |     2 |    15 ||    17
       Great sword       |       |       |       |    47 ||    47

Table legend: (Time is in decaauts)
 A = Elapsed time spent in this place.
 B = Non-inter-level travel time spent in this place.
 C = Inter-level travel time spent in this place.
 D = Time resting spent in this place.
 E = Time spent auto-exploring this place.
 F = Levels seen in this place.
 G = Mean time per level.
                   A        B        C        D        E       F      G
               +--------+--------+--------+--------+--------+-----+--------+
         Total |   4832 |   4755 |     77 |   3068 |     47 |   1 | 4832.0 |
       Dungeon |   4832 |   4755 |     77 |   3068 |     47 |   1 | 4832.0 |
               +--------+--------+--------+--------+--------+-----+--------+

Top non-repeatable levels by time:
       D: 4832 daAuts
